 Dungeon Crawl Stone Soup version 0.18-a0-1514-g6ed9364 (webtiles) character file.

923 dvd the Chucker (level 8, -5/79 HPs)
             Began as an Ogre Hunter on Mar 6, 2016.
             Was a Believer of Okawaru.
             Slain by a sky beast (6 damage)
             ... on level 5 of the Dungeon.
             The game lasted 00:16:53 (5399 turns).

dvd the Chucker (Ogre Hunter)                       Turns: 5399, Time: 00:16:53

Health: -5/79      AC:  3    Str: 23 (25) XL:     8   Next: 10%
Magic:  8/8        EV: 11    Int:  7 (10) God:    Okawaru [**....]
Gold:   263        SH:  0    Dex:  9 (10) Spells: 0 memorised, 7 levels left

rFire  . . .     SeeInvis .     K - +2 dagger (venom)
rCold  . . .     Gourm    .     b - +0 robe
rNeg   . . .     Faith    .     (no shield)
rPois  .         Spirit   .     (helmet restricted)
rElec  .         Dismiss  .     (no cloak)
rCorr  .         Reflect  .     (gloves unavailable)
SustAt .         Harm     .     (boots unavailable)
MR     .....                    (no amulet)
Stlth  +.........               (no ring)
                                (no ring)

@: mighty, flying, not resistant to hostile enchantments, very unstealthy
A: unfitting armour, tough skin 1
a: Heroism, Renounce Religion


You were on level 5 of the Dungeon.
You worshipped Okawaru.
Okawaru was pleased with you.
You were not hungry.

You visited 1 branch of the dungeon, and saw 5 of its levels.

You collected 263 gold pieces.

Inventory:

Hand Weapons
 d - a +0 short sword of venom
 i - a +3 blowgun
 j - a +2 dagger of speed
 p - a +1 flail of holy wrath
 K - a +2 dagger of venom (weapon)
Missiles
 n - 94 stones (quivered)
 A - a throwing net
 C - 2 poisoned needles
Armour
 b - a +0 robe (worn)
Magical Staves
 E - an uncursed staff of earth
Wands
 I - a wand of slowing (28/48)
Scrolls
 a - a scroll of fog
 c - a scroll of amnesia {unknown}
 e - 2 scrolls of remove curse
 r - a scroll of identify
 x - a scroll of magic mapping {unknown}
 z - a scroll of random uselessness {unknown}
 D - a scroll of enchant weapon {unknown}
 F - a scroll of blinking {unknown}
 G - a scroll of teleportation {unknown}
Potions
 h - a potion of curing {unknown}
 k - a potion of might
 q - a potion of brilliance {unknown}
 u - a potion of beneficial mutation {unknown}
 w - a potion of magic {unknown}
 B - a potion of flight
 H - a potion of degeneration
Books
 v - a Necronomicon

   Spells                             Type                      Level
   a - Haunt                          Necromancy/Summoning         7
   b - Borgnjor's Revivification      Necromancy                   8
   c - Death's Door                   Charms/Necromancy            8
   d - Necromutation                  Transmutation/Necromancy     8
Comestibles
 f - 4 bread rations
 l - a beef jerky
 m - 4 fruits
 t - a meat ration
 J - 3 chunks of flesh


   Skills:
 + Level 4.5 Fighting
 * Level 4.6 Maces & Flails
 + Level 7.1 Throwing
 + Level 4.3 Dodging
 + Level 2.0 Stealth


You had 7 spell levels left.
You didn't know any spells.

Dungeon Overview and Level Annotations

Branches:
Dungeon (5/15)
 Temple: D:4-7

Altars:
Ashenzari
Fedhas
Makhleb
Okawaru


Innate Abilities, Weirdness & Mutations

You are too large for most types of armour.
You have tough skin (AC +1).


Message History

You feel very mighty all of a sudden. Something hits you but does no damage.
Drink which item? (? for menu, Esc to quit)
It was a potion of flight.
You feel very buoyant.
You fly up into the air.
Something completely misses you.
Drink which item? (? for menu, Esc to quit)
It was a potion of degeneration.
There was something very wrong with that liquid.
You feel weakened.
You feel dopey.
You feel clumsy. Something hits you.
* * * LOW HITPOINT WARNING * * *
Something shocks you.
* * * LOW HITPOINT WARNING * * *
Drink which item? (? for menu, Esc to quit)
It was a potion of cure mutation.
It has a very clean taste.
Something hits you.
* * * LOW HITPOINT WARNING * * *
Something shocks you.
You die...

###....#
##......##
##....[.((#
#...[.....##
#...)......#
#..[.......#
##.......>..#
#...[.......#
#..@{.......#
##...[.....##
##........#
#........#
##...$..##
##.....#
###...# #..#
###


There were no monsters in sight!

Vanquished Creatures
  Edmund (D:4)
  An eye of draining (D:4)
  2 ogres (D:4)
  A scorpion (D:4)
  2 hounds
  3 orc wizards
  2 iguanas (D:4)
  Natasha (thrice) (D:4)
  2 worker ants (D:4)
  9 adders
  3 worms
  A dart slug (D:1)
  2 giant geckos (D:1)
  12 orcs
  2 giant cockroaches
  9 goblins
  5 hobgoblins
  8 jackals
  A quokka (D:2)
  11 bats
  5 giant newts
  8 kobolds
  12 rats
105 creatures vanquished.

Notes
Turn   | Place    | Note
--------------------------------------------------------------
     0 | D:1      | dvd the Ogre Hunter began the quest for the Orb.
     0 | D:1      | Reached XP level 1. HP: 22/22 MP: 1/1
   147 | D:1      | Reached XP level 2. HP: 19/29 MP: 2/2
   798 | D:1      | Reached XP level 3. HP: 33/37 MP: 3/3
  1031 | D:2      | Found an iron altar of Okawaru.
  1035 | D:2      | Became a worshipper of Warmaster Okawaru
  1046 | D:2      | Found a shattered altar of Ashenzari.
  1066 | D:2      | Found a burning altar of Makhleb.
  1358 | D:2      | Reached skill level 1 in Stealth
  1463 | D:2      | Reached skill level 5 in Throwing
  1463 | D:2      | Reached XP level 4. HP: 34/45 MP: 4/4
  1565 | D:2      | Reached skill level 1 in Maces & Flails
  2072 | D:2      | Found a blossoming altar of Fedhas.
  2136 | D:2      | Reached XP level 5. HP: 53/53 MP: 5/5
  2611 | D:3      | Reached * piety under Okawaru
  3340 | D:4      | Noticed an ogre
  3353 | D:4      | Killed an ogre
  3353 | D:4      | Reached XP level 6. HP: 34/62 MP: 6/6
  3510 | D:4      | Reached skill level 6 in Throwing
  3590 | D:4      | Noticed an eye of draining
  3595 | D:4      | Killed an eye of draining
  3595 | D:4      | Reached XP level 7. HP: 51/68 MP: 2/7
  3951 | D:4      | Noticed Edmund
  3967 | D:4      | Killed Edmund
  4035 | D:4      | Reached ** piety under Okawaru
  4311 | D:4      | Noticed Natasha
  4314 | D:4      | Killed Natasha
  4726 | D:4      | Noticed Natasha
  4727 | D:4      | Killed Natasha
  4937 | D:4      | Noticed Natasha
  4940 | D:4      | Killed Natasha
  4940 | D:4      | Reached XP level 8. HP: 79/79 MP: 8/8
  5037 | D:4      | Reached skill level 7 in Throwing
  5190 | D:5      | Entered Level 5 of the Dungeon
  5399 | D:5      | HP: 1/79 [something (4)]
  5399 | D:5      | Slain by a sky beast

Vault maps used:
D:1:      matt_arrival_spirals, minmay_misc_feat_chi, st_stairs_3
D:2:      nicolae_overflow_quartered_altars
D:3:      minmay_misc_feat_doors
D:4:      first_bread, minivault_11, hangedman_glass_teeth, uniq_edmund,
          uniq_natasha

Skill      XL: |  1  2  3  4  5  6  7  8 |
---------------+-------------------------+-----
Fighting       | 3 4 |  4.5
Dodging        | 2 3 4 |  4.3
Stealth        | 1 2 |  2.0
Throwing       | 5 6 7 |  7.1
Maces & Flails | 1 2 4 |  4.6

Action                   |  1- 3 |  4- 6 |  7- 9 || total
-------------------------+-------+-------+-------++-------
Melee: Dagger            |    67 |    74 |     6 ||   147
       Short sword       |     6 |       |       ||     6
       Flail             |       |     1 |    61 ||    62
 Fire: Blowgun           |       |    10 |    17 ||    27
Throw: Large rock        |    34 |    25 |     2 ||    61
       Throwing net      |     3 |     6 |       ||     9
       Stone             |       |     6 |     1 ||     7
       Tomahawk          |       |    21 |    28 ||    49
  Use: Scroll            |       |       |     3 ||     3
       Potion            |       |       |     4 ||     4
  Eat: Chunk             |     2 |     6 |     6 ||    14
